 Dungeon Crawl Stone Soup version 0.24-a0-619-gb7544fd237 (webtiles) character file.

Game seed: 4688505231737141054, levelgen mode: deterministic

91 Oninnaise the Skirmisher (level 4, -1/38 HPs)
             Began as a Formicid Chaos Knight on Sept 18, 2019.
             Was a Plaything of Xom.
             Slain by an orc
             ... wielding a +0 trident
              (6 damage)
             ... on level 3 of the Dungeon.
             The game lasted 00:02:41 (1505 turns).

Oninnaise the Skirmisher (Formicid Chaos Knight)    Turns: 1505, Time: 00:02:42

Health: -1/38      AC:  5    Str: 17    XL:     4   Next: 87%
Magic:  4/4        EV: 11    Int: 12    God:    Xom [.*....]
Gold:   43         SH:  0    Dex: 10    Spells: 3/3 levels left

rFire    . . .     SeeInvis +   a - +0 falchion (chaos)
rCold    . . .     Gourm    .   (no shield)
rNeg     . . .     Faith    .   b - +2 leather armour
rPois    .         Spirit   .   (helmet unavailable)
rElec    .         Reflect  .   (no cloak)
rCorr    .         Harm     .   (no gloves)
MR       .....                  (no boots)
Stlth    +.........             (no amulet)
HPRegen  0.12/turn              (no ring)
MPRegen  0.09/turn              (no ring)

@: flying
A: permanent stasis, dig shafts and tunnels, four strong arms, antennae 3
a: Dig, Shaft Self, Renounce Religion


You were on level 3 of the Dungeon.
You worshipped Xom.
You were a plaything of Xom.
You were not hungry.

You visited 1 branch of the dungeon, and saw 4 of its levels.

You collected 43 gold pieces.

Inventory:

Hand Weapons
 a - a +0 falchion of chaos (weapon)
Armour
 b - a +2 leather armour (worn)
Wands
 i - a wand of acid (8)
Scrolls
 f - a scroll of enchant weapon {unknown}
 g - 2 scrolls of identify {unknown}
 h - a scroll of teleportation {unknown}
 j - a scroll of magic mapping {unknown}
 k - a scroll of blinking {unknown}
Potions
 d - a potion of flight
 e - a potion of magic {unknown}
Comestibles
 c - 3 rations


   Skills:
 + Level 4.6 Fighting
 - Level 3.0 Long Blades
 + Level 3.9 Armour
 - Level 0.8 Dodging


You had 3 spell levels left.
You didn't know any spells.
Your spell library was empty.

Dungeon Overview and Level Annotations

Branches:
Dungeon (4/15)
 Temple: D:4-7

Altars:
Ashenzari
Qazlal


Innate Abilities, Weirdness & Mutations

You cannot be hasted, slowed, berserked, paralysed or teleported.
You can dig through walls and to a lower floor.
Your four strong arms can wield two-handed weapons with a shield.
You have a pair of large antennae on your head. (SInv)


Message History

The orc closely misses you. x2
You hear Xom's avuncular chuckle.
The orc seems to grow stronger.
Okay, then.
It was a potion of flight.
You feel very buoyant.
You fly up into the air.
The orc closely misses you.
The orc hits you from afar with a +0 trident!
* * * LOW HITPOINT WARNING * * *
You closely miss the orc.
The orc is lightly wounded.
The orc barely misses you.
The orc hits you from afar with a +0 trident.
* * * LOW HITPOINT WARNING * * *
You closely miss the orc.
The orc is lightly wounded.
The orc hits you with a +0 club.
* * * LOW HITPOINT WARNING * * *
The orc hits you from afar with a +0 trident.
You die...

.o...# )###o# .# #[#
o# #o# {# #.# .# #.#
.###.##
.#....################
..........>..Soo@....#
##.####.############.#
#. #.# #. #.# # #.#
#.# #.# #.#


You could see 2 orcs and a ball python.

Vanquished Creatures
  An orc priest (D:3)
  A hound skeleton (D:2)
  An adder (D:2)
  2 oozes (D:1)
  A worm (D:2)
  A dart slug (D:1)
  2 leopard geckos
  2 orcs (D:3)
  A ball python (D:2)
  A giant cockroach (D:2)
  A goblin (D:2)
  2 hobgoblins
  4 kobolds (D:1)
  6 bats
  A frilled lizard (D:2)
  5 rats
32 creatures vanquished.

Notes
Turn   | Place    | Note
-------+----------+-------------------------------------------
     0 | D:1      | Oninnaise the Formicid Chaos Knight began the quest for the
                  | Orb.
     0 | D:1      | Reached XP level 1. HP: 18/18 MP: 1/1
    36 | D:1      | Reached XP level 2. HP: 24/24 MP: 2/2
    68 | D:1      | Found a shattered altar of Ashenzari.
   276 | D:1      | Reached XP level 3. HP: 24/30 MP: 3/3
   665 | D:2      | Reached skill level 4 in Fighting
   686 | D:2      | XOM: silly message
   760 | D:2      | XOM: mild Fire miscast
   783 | D:2      | XOM: noise
   861 | D:2      | Reached XP level 4. HP: 36/37 MP: 4/4
  1178 | D:2      | XOM: mild Erth miscast
  1226 | D:2      | XOM: harmless Erth miscast
  1383 | D:2      | You fall into a shaft and drop 1 floor!
  1396 | D:3      | XOM: butterfly on damage
  1408 | D:3      | XOM: confusion (+ monsters)
  1419 | D:4      | Found a stormy altar of Qazlal.
  1479 | D:4      | Noticed an ogre
  1500 | D:3      | XOM: enchant monster (bad)
  1505 | D:3      | Slain by an orc

Levels and vault maps discovered:
D:1:      minmay_arrival_three_doors, layout_basic, evilmike_ruin_ashenzari
D:2:      layout_basic
D:3:      layout_basic, elyvilon_altar_3, tso_metal_star,
          cheibrodos_sewer_entry_drain, makhleb_altar_promises_db, uniq_natasha
D:4:      layout_rooms, grunt_temple_overflow_forces_of_nature,
          chequers_temple_overflow_statue_of_worship, minmay_misc_feat_roman,
          grunt_decor_arrowhead, chequers_serial_rivers_marsh, fedhas_altar_3,
          uniq_robin, uniq_pikel

Skill      XL: |  1  2  3 |
---------------+----------+-----
Armour         | 3 |  3.9
Fighting       | 4 |  4.6
Long Blades    | |  3.0
Dodging        | |  0.8

Action                   |  1- 3 |  4- 6 || total
-------------------------+-------+-------++-------
Melee: Falchion          |    54 |    34 ||    88
  Use: Potion            |       |     1 ||     1
  Eat: Ration            |       |     1 ||     1
Armor: Leather armour    |    22 |     9 ||    31
Dodge: Dodged            |    42 |    29 ||    71
       Rpst.: Falchion   |    16 |     5 ||    21

Table legend:
 A = Non-vault XP
 B = Vault XP
 C = Vault XP percentage of total XP
 D = Non-vault monster count
 E = Vault monster count
 F = Vault count percentage of total count
                 A         B        C        D         E       F
            +---------+---------+-------+---------+---------+-------
      Total |     130 |       0 |   0.0 |      32 |       0 |   0.0
            +---------+---------+-------+---------+---------+-------
        D:1 |      36 |       0 |   0.0 |      14 |       0 |   0.0
        D:2 |      57 |       0 |   0.0 |      15 |       0 |   0.0
        D:3 |      37 |       0 |   0.0 |       3 |       0 |   0.0
            +---------+---------+-------+---------+---------+-------
